 Dungeon Crawl Stone Soup version bcrawl-1.14.2-1-gc900083943 (webtiles) character file.

Game seed: 17287072377869707733

7 MisterOstroum the Sneak (level 1, -1/17 HPs)
             Began as a Demigod Archaeologist on Sept 21, 2019.
             Slain by a frilled lizard (2 damage)
             ... on level 1 of the Dungeon.
             The game lasted 00:01:25 (211 turns).

MisterOstroum the Sneak (Demigod Archaeologist)      Turns: 211, Time: 00:01:26

Health: -1/17      AC:  6    Str: 15    XL:     1   Next: 91%
Magic:  3/3        EV: 13    Int: 18    God:    Demigod [......]
Gold:   16         SH:  0    Dex: 15    Spells: 0/0 levels left

rFire    . . .     SeeInvis .   a - +0 whip
rCold    . . .     Gourm    .   (no shield)
rNeg     . . .     Faith    .   b - +1 robe
rPois    .         Spirit   .   c - +1 hat
rElec    .         Reflect  .   (no cloak)
rCorr    .         Harm     .   (no gloves)
MR       .....                  d - +1 pair of boots
Stlth    ++........             (no amulet)
HPRegen  0.05/turn              (no ring)
MPRegen  0.08/turn              (no ring)

@: no status effects
A: high mp 1
a: no special abilities


You were on level 1 of the Dungeon.
You worshipped Demigod.
Demigod was noncommittal.
You were not hungry.

You visited 1 branch of the dungeon, and saw 1 of its levels.

You collected 16 gold pieces.

Inventory:

Hand Weapons
 a - a +0 whip (weapon)
Armour
 b - a +1 robe (worn)
 c - a +1 hat (worn)
 d - a +1 pair of boots (worn)
Scrolls
 h - a scroll of identify {unknown}
 k - a scroll of teleportation {unknown}
 l - a scroll of fear {unknown}
Potions
 i - a potion of flight {unknown}
 j - a potion of degeneration {unknown}
Miscellaneous
 f - an ancient crate
 g - a dusty tome
Comestibles
 e - 3 rations {!d}


   Skills:
 + Level 1.8 Fighting
 - Level 0.8 Maces & Flails
 - Level 2.6 Dodging
 - Level 3.0 Stealth


You couldn't memorise any spells.
You didn't know any spells.
Your spell library was empty.

Dungeon Overview and Level Annotations

Branches:
Dungeon (1/12)


Innate Abilities, Weirdness & Mutations

You have an increased reservoir of magic. (+10% MP)


Message History

A dart slug comes into view.
The kobold throws a stone.
The stone hits you but does no damage.
A frilled lizard comes into view.
The kobold throws a stone.
The stone barely misses you. The dart slug launches a dart at you.
The slug dart hits you!
Found a cyan potion.
You hit the hobgoblin.
The hobgoblin is severely wounded.
The hobgoblin hits you with a +0 club.
* * * LOW HITPOINT WARNING * * *
Found a ring mail.
A kobold comes into view. It is wielding a +0 short sword.
The frilled lizard unfolds its giant frill.
The kobold shouts!
The hobgoblin hits you but does no damage.
A leopard gecko and a kobold come into view.
A leopard gecko comes into view.
The kobold shouts!
Found a scroll labeled XAOROS RUNIRE and a green potion.
A bat and a hobgoblin come into view.
The hobgoblin shouts!
The leopard gecko hisses angrily.
A bat comes into view.
The bat moves out of view.
Found a scroll labeled VEQOUJOWYMI and 135 stones.
The bat hits you but does no damage.
The leopard gecko closely misses you. x2
The hobgoblin hits you with a +0 club.
* * * LOW HITPOINT WARNING * * *
Found a scroll labeled XAOROS RUNIRE.
The bat completely misses you. The bat closely misses you.
The bat barely misses you.
The leopard gecko hisses menacingly.
The leopard gecko bites you but does no damage.
The bat barely misses you. The hobgoblin closely misses you.
A kobold comes into view.
The bat hits you but does no damage.
The hobgoblin hits you but does no damage.
The bat barely misses you. The bat hits you but does no damage.
The leopard gecko hisses menacingly. x2
Found a ration.
You see here a green potion.
The bat misses you. The bat hits you but does no damage.
The kobold throws a stone.
The stone closely misses you.
You see here 135 stones.
The kobold shouts!
The bat barely misses you. The bat misses you. The bat closely misses you.
The bat hits you but does no damage. The bat hits you but does no damage.
The bat barely misses you. The kobold closely misses you.
The bat barely misses you.
The hobgoblin hits you but does no damage.
The bat misses you. The bat barely misses you.
The bat hits you but does no damage. The bat hits you but does no damage. x2
The bat closely misses you.
There is a fountain of clear blue water here.
The bat hits you but does no damage. The bat closely misses you.
You hit the bat.
You kill the bat!
Your kill strengthens your divinity.
There is a fountain of clear blue water here.
There is a staircase leading out of the dungeon here.
There is a fountain of clear blue water here.
The hobgoblin shouts!
The frilled lizard hisses.
The bat hits you.
* * * LOW HITPOINT WARNING * * *
The bat hits you but does no damage. The bat completely misses you.
The bat barely misses you.
You closely miss the bat. The bat hits you but does no damage.
The kobold misses you.
The frilled lizard hisses angrily.
The rat barely misses you. The rat closely misses you.
You whack the rat!
You kill the rat!
Your kill strengthens your divinity.
You barely miss the kobold. The kobold closely misses you.
The frilled lizard barely misses you. The kobold closely misses you.
The kobold hits you but does no damage.
Found a stone staircase leading down.
The leopard gecko hisses angrily.
The kobold shouts!
The leopard gecko hisses angrily.
The frilled lizard closely misses you. The leopard gecko barely misses you.
Found a cloak.
The frilled lizard misses you. The leopard gecko misses you.
The leopard gecko bites you.
* * * LOW HITPOINT WARNING * * *
The frilled lizard hisses.
The leopard gecko bites you but does no damage.
The frilled lizard hisses.
There is a stone staircase leading down here.
The leopard gecko bites you.
* * * LOW HITPOINT WARNING * * *
The frilled lizard bites you.
You die...
Your divinity fades.

....(......#
......%....#. ...
........... ...
#.†....... #.####
#####........ #....#
......?....... .....#
...(........#..#....##
.............#.#.#..[#
.............#..@#...#
.........(...##Kll..#
.............###ll.##
.............##....#
.............##.K#K###
................[....#
...[.#....†#.........#
####.#######.........#
............!........#


You could see 2 leopard geckos, 3 kobolds and 2 frilled lizards.

Vanquished Creatures
  2 bats (D:1)
  2 giant cockroaches (D:1)
  A goblin (D:1)
  3 rats (D:1)
8 creatures vanquished.

Notes
Turn   | Place    | Note
-------+----------+-------------------------------------------
     0 | D:1      | MisterOstroum the Demigod Archaeologist began the quest for
                  | the Orb.
     0 | D:1      | Reached XP level 1. HP: 15/15 MP: 3/3
    15 | D:1      | Reached skill level 1 in Fighting
   211 | D:1      | Slain by a frilled lizard

Skill      XL: |  1 |
---------------+----+-----
Fighting       | 1 |  1.8
Maces & Flails | |  0.8
Dodging        | |  2.6
Stealth        | |  3.0

Action                   || total
-------------------------++-------
Melee: Whip              ||    28
 Stab: Sleeping          ||     1
Armor: Robe              ||    26
Dodge: Dodged            ||    56
